 Dungeon Crawl Stone Soup version 0.30-a0-916-g98134172ad (webtiles) character file.

Game seed: 17668114415804098454

45 Aequonox the Sneak (level 3, 0/24 HPs)
             Began as a Vampire Enchanter on Mar 20, 2023.
             Succumbed to an adder's poison
             ... on level 2 of the Dungeon.
             The game lasted 00:03:06 (998 turns).

Aequonox the Sneak (Vampire Enchanter)               Turns: 998, Time: 00:03:07

Health: 0/24       AC:  3    Str:  7    XL:     3   Next: 42%
Magic:  6/6        EV: 13    Int: 17    God:
Gold:   75         SH:  0    Dex: 16    Spells: 6/6 levels left

rFire   . . .      SeeInvis +    a - +1 dagger
rCold   . . .      Faith    .    (no shield)
rNeg    . . .      Spirit   .    b - +0 robe
rPois   .          Reflect  .    (no helmet)
rElec   .          Rampage  .    q - +0 cloak
rCorr   .                        (no gloves)
Will    .....                    (no boots)
Stlth   +++                      (no amulet)
HPRegen 0.44/turn                (no ring)
MPRegen 0.10/turn                (no ring)

@: lethally poisoned (0 -> -2), healing quickly
A: alive, fangs 3, see invisible, vampiric 2
a: Exsanguinate


You were on level 2 of the Dungeon.
You visited 1 branch of the dungeon, and saw 2 of its levels.

You collected 75 gold pieces.

Inventory:

Hand Weapons
 a - a +1 dagger (weapon)
Armour
 b - a +0 robe (worn)
 q - a +0 cloak (worn)
Scrolls
 d - a scroll of fog {unknown}
 e - a scroll of immolation {unknown}
 f - a scroll of blinking {unknown}
 g - 2 scrolls of magic mapping {unknown}
 m - 2 scrolls of identify {unknown}
 n - 2 scrolls of vulnerability {unknown}
Potions
 c - 2 potions of invisibility
 h - a potion of cancellation {unknown}
 i - a potion of lignification {unknown}
 j - 2 potions of curing {unknown}
 k - 3 potions of flight {unknown}
 l - a potion of resistance {unknown}
 o - a potion of degeneration {unknown}
 p - a potion of attraction {unknown}


   Skills:
 + Level 2.0 Short Blades
 + Level 2.7 Dodging
 + Level 5.0 Stealth
 + Level 2.3 Spellcasting
 + Level 4.9 Hexes


You had 6 spell levels left.
You didn't know any spells.
Your spell library contained the following spells:

 Spells                   Type           Power      Damage    Failure   Level
 Confusing Touch          Hex            18%        N/A       8%          3
 Tukima's Dance           Hex            18%        N/A       8%          3
 Ensorcelled Hibernation  Hex/Ice        20%        N/A       11%         2
 Dazzling Flash           Conj/Hex       20%        N/A       21%         3


Dungeon Overview and Level Annotations

Branches:
Dungeon (2/15)

Altars:


Innate Abilities, Weirdness & Mutations

Your natural rate of healing is accelerated.
You have razor-sharp teeth.
You have supernaturally acute eyesight. (SInv)
You are afflicted with vampirism and can become a bat while bloodless.


Message History

The ball python constricts you.
The ball python's grasp on you weakens, but your attempt to escape fails.
You feel sick. The adder misses you. The bat hits you but does no damage.
The ball python barely misses you. The ball python constricts you.
You hit the bat.
The bat is severely wounded.
You feel sick. The bat hits you but does no damage. The adder bites you.
The ball python barely misses you. The ball python constricts you.
You miss the bat.
The bat is severely wounded.
You feel sick. The bat hits you but does no damage.
The adder barely misses you. The bat hits you but does no damage.
The ball python closely misses you. The ball python constricts you.
* * * LOW HITPOINT WARNING * * *
You miss the bat.
The bat is severely wounded.
You feel sick. The bat closely misses you. The adder barely misses you.
The ball python bites you but does no damage.
The ball python constricts you.
* * * LOW HITPOINT WARNING * * *
The adder bites you.
* * * LOW HITPOINT WARNING * * *
You escape the ball python's grasp.
You feel sick. The bat barely misses you.
You feel sick.
You are no longer poisoned.
The bat hits you but does no damage.
You hit the bat.
You kill the bat!
The adder bites you.
* * * LOW HITPOINT WARNING * * *
You are lethally poisoned!
The adder poisons you!
* * * LOW HITPOINT WARNING * * *
You feel sick. The adder closely misses you.
* * * LOW HITPOINT WARNING * * *
You feel sick.
There is a stone staircase leading down here.
You miss the adder.
The adder is lightly wounded.
You die...

.........'...#.............##.
.........###...............#.[
..........####.............#.?
....#.....#.................#!
.#........##.#.#............##
.###.#....##.#.....#...##.#...
..[#.#.#####....r..#.###
##.#.#.#......####...#
.......#+##..r.S@.####
..##.##...#...S#...#
..##......##+#.##..#
..##..#...## ........
##.........#####.#####
......##.....###)..#
...................#
.....#.............#
.....#.....##......#


You could see an adder, a ball python and a rat.

Vanquished Creatures
  A worm (D:2)
  3 dart slugs (D:1)
  4 ball pythons
  4 endoplasms
  4 goblins
  2 hobgoblins (D:1)
  A quokka (D:2)
  4 bats
  3 frilled lizards
  6 kobolds
  A rat (D:1)
33 creatures vanquished.

Notes
Turn   | Place    | Note
-------+----------+-------------------------------------------
     0 | D:1      | Aequonox the Vampire Enchanter began the quest for the Orb.
     0 | D:1      | Reached XP level 1. HP: 13/13 MP: 3/3
   136 | D:1      | Reached XP level 2. HP: 19/19 MP: 5/5
   445 | D:1      | Gained mutation: You are afflicted with vampirism and can
                  | become a bat while bloodless. [Vampire growth]
   445 | D:1      | Reached XP level 3. HP: 23/24 MP: 6/6
   546 | D:1      | Found a faded altar of an unknown god.
   881 | D:2      | Reached skill level 5 in Stealth
   996 | D:2      | HP: 1/24 [poisoned by an adder]
   998 | D:2      | Succumbed to an adder's poison

Illustrated notes

Levels and vault maps discovered:
D:1:      spicycebolla_arrival_xxxplode, layout_rooms,
          hellmonk_ecumenical_altar_inner_sanctum, minmay_cut_off
D:2:      layout_basic, moated_statue, minmay_tetromino_l4

Skill      XL: |  1  2  3 |
---------------+----------+-----
Short Blades   | 2 |  2.0
Stealth        | 5 |  5.0
Dodging        | |  2.7
Spellcasting   | |  2.3
Hexes          | |  4.9

Action                     || total
---------------------------++-------
  Melee: Dagger            ||   114
         Bite              ||     5
         Punch             ||     1
   Stab: Sleeping          ||     7
 Armour: Robe              ||    31
  Dodge: Dodged            ||    73

Table legend: (Time is in decaauts)
 A = Elapsed time spent in this place.
 B = Non-inter-level travel time spent in this place.
 C = Inter-level travel time spent in this place.
 D = Time resting spent in this place.
 E = Time spent auto-exploring this place.
 F = Levels seen in this place.
 G = Mean time per level.
                   A        B        C        D        E       F      G
               +--------+--------+--------+--------+--------+-----+--------+
         Total |    990 |    970 |     20 |      0 |    643 |   2 |  495.0 |
       Dungeon |    990 |    970 |     20 |      0 |    643 |   2 |  495.0 |
               +--------+--------+--------+--------+--------+-----+--------+

Top non-repeatable levels by time:
     D:1: 597 daAuts
     D:2: 393 daAuts
